[Event "XXVII Actius Vallfogona Open"]
[Site "Vallfogona de Balaguer"]
[Date "2019.09.22"]
[Round "3.1"]
[White "Baches Garcia, Guillermo"]
[Black "Munoz, Miguel"]
[Result "0-1"]
[ECO "B01"]
[WhiteElo "2322"]
[BlackElo "2519"]
[Annotator "ChessBase"]
[PlyCount "94"]
[EventDate "2019.09.22"]
[EventCountry "ESP"]
[SourceTitle "playchess.com"]
[Source "ChessBase"]
[SourceQuality "1"]
[TimeControl "900+5"]

1. e4 d5 2. exd5 Qxd5 3. Nc3 Qa5 4. g3 Bd7 5. Bg2 Bc6 6. Nf3 Nf6 7. O-O e6 8. d4 Nbd7 9. Bf4 Bd6 10. Bd2 Qh5 11. Re1 O-O 12. Ne5 Qxd1 13. Raxd1 Bxg2 14. Kxg2 Nb6 15. Bg5 Nfd5 16. Nxd5 exd5 17. Nd3 Nc4 18. Be7 Rfe8 19. Bxd6 Nxd6 20. f3 Nf5 21. Rxe8+ Rxe8 22. Rd2 f6 23. c3 Kf7 24. Kf2 g5 25. Re2 Rh8 26. Nc5 Nd6 27. Nd3 h5 28. Re1 a5 29. a4 h4 30. g4 Rb8 31. Re2 b6 32. Re1 Rc8 33. b4 Ra8 34. Rb1 axb4 35. Rxb4 Nc4 36. Nc1 Ke6 37. Ne2 Kd6 38. f4 gxf4 39. Nxf4 c5 40. dxc5+ bxc5 41. Rb1 Rxa4 42. Rd1 Ra2+ 43. Kg1 Ne3 44. Rd3 Ra1+ 45. Kf2 Nxg4+ 46. Ke2 Ra2+ 47. Kd1 Nf2+ 0-1

[Event "XXVII Actius Vallfogona Open"]
[Site "Vallfogona de Balaguer"]
[Date "2019.09.22"]
[Round "3.3"]
[White "Martinez Lopez, Ivan"]
[Black "Henriquez Villagra, Cristobal"]
[Result "0-1"]
[ECO "A11"]
[WhiteElo "2194"]
[BlackElo "2587"]
[Annotator "ChessBase"]
[PlyCount "94"]
[EventDate "2019.09.22"]
[EventCountry "ESP"]
[SourceTitle "playchess.com"]
[Source "ChessBase"]
[SourceQuality "1"]
[TimeControl "900+5"]

1. Nf3 d5 2. c4 c6 3. g3 Nf6 4. Bg2 Bf5 5. Qb3 Qb6 6. d3 e6 7. Be3 Qa6 8. O-O Be7 9. h3 h6 10. cxd5 exd5 11. Nc3 O-O 12. Rac1 Nbd7 13. Na4 Rfe8 14. Rfe1 Rac8 15. Nc5 Nxc5 16. Bxc5 Bxc5 17. Rxc5 b6 18. Rcc1 c5 19. a3 Re7 20. Nh4 Be6 21. d4 cxd4 22. Qb4 Ree8 23. Qxd4 Rxc1 24. Rxc1 Qxe2 25. Bf1 Qe4 26. Qxe4 Nxe4 27. Nf3 Rc8 28. Rxc8+ Bxc8 29. Nd4 Kf8 30. Bg2 Bd7 31. h4 Ke7 32. Bxe4 dxe4 33. Kf1 Kd6 34. Ke2 Kd5 35. Ke3 g5 36. hxg5 hxg5 37. Ne2 f5 38. b3 Ke5 39. f4+ exf3 40. Kxf3 Bb5 41. Nc3 Be8 42. Ke3 Bc6 43. Ne2 Bd5 44. b4 Bc4 45. Ng1 g4 46. a4 a6 47. a5 b5 {Kd4+} 0-1

[Event "XXVII Actius Vallfogona Open"]
[Site "Vallfogona de Balaguer"]
[Date "2019.09.22"]
[Round "3.4"]
[White "Moskalenko, Viktor"]
[Black "Pena Morales, Hugo"]
[Result "1/2-1/2"]
[ECO "A60"]
[WhiteElo "2475"]
[BlackElo "2203"]
[Annotator "ChessBase"]
[PlyCount "74"]
[EventDate "2019.09.22"]
[EventCountry "ESP"]
[SourceTitle "playchess.com"]
[Source "ChessBase"]
[SourceQuality "1"]
[TimeControl "900+5"]

1. d4 Nf6 2. c4 e6 3. Nc3 c5 4. d5 exd5 5. cxd5 Bd6 6. Nf3 O-O 7. Bg5 Re8 8. e3 a6 9. a4 Bc7 10. d6 Ba5 11. Bc4 h6 12. Bh4 Re4 13. Qd3 g5 14. Bg3 b5 15. Bd5 Nxd5 16. Qxd5 Bb7 17. Qxb7 Nc6 18. O-O Bxc3 19. bxc3 Ra7 20. Qc7 Rxc7 21. dxc7 Qc8 22. axb5 axb5 23. Rfd1 Re6 24. Rd5 d6 25. Rxd6 b4 26. cxb4 cxb4 27. Rxe6 fxe6 28. Rc1 Ne7 29. Nd4 Qb7 30. h4 b3 31. Nxb3 Qxb3 32. c8=Q+ Nxc8 33. Rxc8+ Kf7 34. Rc7+ Kg6 35. hxg5 Qd1+ 36. Kh2 Qh5+ 37. Kg1 Qd1+ 1/2-1/2

[Event "XXVII Actius Vallfogona Open"]
[Site "Vallfogona de Balaguer"]
[Date "2019.09.22"]
[Round "3.5"]
[White "Rahal, Michael A"]
[Black "Movsziszian, Karen"]
[Result "1/2-1/2"]
[ECO "B06"]
[WhiteElo "2309"]
[BlackElo "2475"]
[Annotator "ChessBase"]
[PlyCount "64"]
[EventDate "2019.09.22"]
[EventCountry "ESP"]
[SourceTitle "playchess.com"]
[Source "ChessBase"]
[SourceQuality "1"]
[TimeControl "900+5"]

1. e4 g6 2. d4 Bg7 3. Nf3 d6 4. Bc4 Nc6 5. O-O Nf6 6. Nc3 Bg4 7. Be3 Nd7 8. Bxf7+ Kxf7 9. Ng5+ Ke8 10. Qxg4 Nf6 11. Qh3 Qd7 12. Ne6 Kf7 13. d5 Nd8 14. Ng5+ Ke8 15. Rad1 Qxh3 16. Nxh3 c6 17. Nf4 Rf8 18. f3 Bh6 19. dxc6 Nxc6 20. Nfd5 Bxe3+ 21. Nxe3 Rc8 22. Rf2 a6 23. Ncd5 Nd7 24. Rfd2 b5 25. a3 Nce5 26. h3 Kf7 27. b3 Nc5 28. Ng4 Ned7 29. Nge3 Ne5 30. Ng4 Ned7 31. Nge3 Ne5 32. Ng4 Ra8 1/2-1/2

[Event "XXVII Actius Vallfogona Open"]
[Site "Vallfogona de Balaguer"]
[Date "2019.09.22"]
[Round "3.6"]
[White "Villar Reymundo, Juan Antonio"]
[Black "Perez Mitjans, Orelvis"]
[Result "1/2-1/2"]
[ECO "D07"]
[WhiteElo "2229"]
[BlackElo "2409"]
[Annotator "NA"]
[PlyCount "87"]
[EventDate "2019.09.22"]
[EventCountry "ESP"]
[SourceTitle "playchess.com"]
[Source "ChessBase"]
[SourceQuality "1"]
[TimeControl "900+5"]

1. d4 d5 2. c4 Nc6 3. Nc3 Nf6 4. Nf3 dxc4 5. Bg5 h6 6. Bh4 a6 7. e4 g5 8. Bg3 g4 9. d5 gxf3 10. dxc6 Qxd1+ 11. Rxd1 bxc6 12. gxf3 Be6 13. Bxc7 Bg7 14. Be2 O-O 15. f4 Ra7 16. Be5 Rb7 17. Rd2 a5 18. Rg1 Kh7 19. f5 Bc8 20. Bxc4 Rb4 21. b3 Bh8 22. f4 Nd7 23. Bxh8 Kxh8 24. Na4 Nf6 25. Re2 e6 26. fxe6 Bxe6 27. Nb2 a4 28. Nd3 Bxc4 29. Nxb4 Bxe2 30. Kxe2 axb3 31. axb3 Rb8 32. Nxc6 Rxb3 33. Ne5 Nxe4 34. Nxf7+ Kh7 35. Ne5 Nf6 36. Rc1 Nd5 37. Rc4 Rb2+ 38. Kf3 Rxh2 39. Rc5 Nf6 40. Rc7+ Kg8 41. Rc8+ Kg7 42. Rc7+ Kg8 43. Rc8+ Kg7 44. Rc7+ 1/2-1/2

[Event "XXVII Actius Vallfogona Open"]
[Site "Vallfogona de Balaguer"]
[Date "2019.09.22"]
[Round "3.7"]
[White "Cuartas, Jaime Alexander"]
[Black "Albets Armengol, Roland"]
[Result "1-0"]
[ECO "B06"]
[WhiteElo "2523"]
[BlackElo "2201"]
[Annotator "ChessBase"]
[PlyCount "99"]
[EventDate "2019.09.22"]
[EventCountry "ESP"]
[SourceTitle "playchess.com"]
[Source "ChessBase"]
[SourceQuality "1"]
[TimeControl "900+5"]

1. e4 g6 2. d4 Bg7 3. Nf3 d6 4. Bc4 e6 5. Nc3 a6 6. a4 b6 7. O-O Ne7 8. Re1 Nd7 9. Bf4 h6 10. h4 Bb7 11. Qd2 Nf6 12. Rad1 Nxe4 13. Nxe4 Bxe4 14. Rxe4 d5 15. Bxd5 Nxd5 16. Be5 O-O 17. h5 g5 18. Bxg7 Kxg7 19. c4 Nf6 20. Re5 Ng4 21. Re2 Qf6 22. Qc3 Rad8 23. Re4 Qf5 24. d5+ Kg8 25. Rdd4 e5 26. Rxg4 exd4 27. Qxd4 c5 28. Qe4 Qxe4 29. Rxe4 Rfe8 30. Nd2 f5 31. Re3 Kg7 32. Rb3 Rb8 33. Kf1 Kf6 34. f3 b5 35. axb5 axb5 36. cxb5 Red8 37. Rd3 Rxb5 38. Nc4 Rb4 39. b3 Rdb8 40. d6 Rxb3 41. Rd5 Rc3 42. Rxc5 Rc2 43. Kg1 Ke6 44. Re5+ Kf6 45. Rc5 Rb1+ 46. Kh2 Rbc1 47. d7 Ke7 48. Rd5 Kd8 49. Ne5 Rc8 50. dxc8=Q+ 1-0

[Event "XXVII Actius Vallfogona Open"]
[Site "Vallfogona de Balaguer"]
[Date "2019.09.22"]
[Round "3.8"]
[White "Masague Artero, Guerau"]
[Black "Panelo, Marcelo"]
[Result "0-1"]
[ECO "A06"]
[WhiteElo "2265"]
[BlackElo "2360"]
[Annotator "NA"]
[PlyCount "64"]
[EventDate "2019.09.22"]
[EventCountry "ESP"]
[SourceTitle "playchess.com"]
[Source "ChessBase"]
[SourceQuality "1"]
[TimeControl "900+5"]

1. Nf3 d5 2. b3 c5 3. e3 a6 4. Bb2 Nc6 5. g3 Nf6 6. Bg2 d4 7. O-O g6 8. c3 dxe3 9. dxe3 Qc7 10. Qe2 Bg7 11. e4 Bg4 12. Nbd2 Rd8 13. h3 Be6 14. Qe3 Qc8 15. Kh2 b6 16. Nc4 Bxc4 17. bxc4 Qe6 18. e5 Na5 19. exf6 Bxf6 20. Qf4 O-O 21. Nd2 g5 22. Qc7 Rxd2 23. Bd5 Qf5 24. Ba3 Bxc3 25. Rac1 Be5 26. Qxe7 Rxf2+ 27. Rxf2 Qxf2+ 28. Kh1 Qxg3 29. Rc2 Qe1+ 30. Kg2 Qg3+ 31. Kh1 Qxh3+ 32. Kg1 Bd4+ 0-1

[Event "XXVII Actius Vallfogona Open"]
[Site "Vallfogona de Balaguer"]
[Date "2019.09.22"]
[Round "3.9"]
[White "Cruz, Jonathan"]
[Black "Quintas Galeano, Lluis"]
[Result "1-0"]
[ECO "C41"]
[WhiteElo "2409"]
[BlackElo "2085"]
[Annotator "NA"]
[PlyCount "53"]
[EventDate "2019.09.22"]
[EventCountry "ESP"]
[SourceTitle "playchess.com"]
[Source "ChessBase"]
[SourceQuality "1"]
[TimeControl "900+5"]

1. e4 d6 2. d4 Nf6 3. Nc3 c6 4. a4 e5 5. Nf3 Nbd7 6. Bc4 Be7 7. O-O O-O 8. h3 Qc7 9. Bg5 h6 10. Bh4 b6 11. Bg3 Bb7 12. Nh4 Rfe8 13. Nf5 Bf8 14. dxe5 dxe5 15. f4 b5 16. axb5 cxb5 17. Bxb5 Red8 18. Qf3 Nxe4 19. Nxe4 Qb6+ 20. Kh1 Qxb5 21. fxe5 Nxe5 22. Bxe5 Qxe5 23. Nxh6+ gxh6 24. Nf6+ Kh8 25. Qxb7 Bd6 26. Ng4 Rab8 27. Nxe5 1-0

[Event "XXVII Actius Vallfogona Open"]
[Site "Vallfogona de Balaguer"]
[Date "2019.09.22"]
[Round "3.10"]
[White "Velez Romero, Juan Luis"]
[Black "Martin Duque, Jesus"]
[Result "0-1"]
[ECO "D94"]
[WhiteElo "2040"]
[BlackElo "2373"]
[Annotator "NA"]
[PlyCount "147"]
[EventDate "2019.09.22"]
[EventCountry "ESP"]
[SourceTitle "playchess.com"]
[Source "ChessBase"]
[SourceQuality "1"]
[TimeControl "900+5"]

1. d4 Nf6 2. Nf3 b6 3. e3 Bb7 4. c4 g6 5. Nc3 Bg7 6. Be2 O-O 7. O-O d5 8. Qb3 dxc4 9. Qxc4 Ne4 10. Nxe4 Bxe4 11. Bd2 Nd7 12. Bb4 Rc8 13. Qb3 c5 14. Bc3 cxd4 15. Bxd4 Nc5 16. Qd1 Bxf3 17. Bxf3 Bxd4 18. exd4 Ne6 19. d5 Nc5 20. b4 Nb7 21. Qb3 Nd6 22. Rac1 Qd7 23. Rc6 Nf5 24. Qc4 Nd6 25. Qd3 Rc7 26. Rfc1 Rfc8 27. b5 Nb7 28. Qe3 Nc5 29. h4 Qf5 30. h5 Rxc6 31. bxc6 Rc7 32. h6 Qf6 33. Rd1 Kf8 34. Rd4 e5 35. dxe6 Nxe6 36. Rd7 Rxd7 37. cxd7 Ke7 38. Qa3+ Nc5 39. Qxa7 Nxd7 40. Qa3+ Qd6 41. Qe3+ Qe5 42. Qa3+ Qc5 43. Qb2 Ne5 44. Be4 Ng4 45. Qd2 Qd6 46. Qg5+ Nf6 47. Bf3 Qc5 48. Qd2 Nd7 49. Qe2+ Ne5 50. g3 Kd6 51. Qd2+ Kc7 52. Bg2 Qd6 53. Qc2+ Kd7 54. Qa4+ Ke7 55. Qh4+ Kf8 56. Qa4 g5 57. Qa8+ Ke7 58. Qb7+ Kf6 59. Be4 g4 60. Kg2 Kg5 61. Bxh7 Qxh6 62. Be4 Qd6 63. Qd5 Qf6 64. Qd2+ Kh5 65. Qe1 Kh6 66. Qe3+ Kg7 67. a4 Qd6 68. Qf4 Kf8 69. Qf5 Ke7 70. Qg5+ Kd7 71. Bf5+ Kc7 72. Bxg4 Qd5+ 73. Kh3 Qg2+ 74. Kxg2 0-1

[Event "XXVII Actius Vallfogona Open"]
[Site "Vallfogona de Balaguer"]
[Date "2019.09.22"]
[Round "4.1"]
[White "Munoz, Miguel"]
[Black "Cruz, Jonathan"]
[Result "1-0"]
[ECO "C22"]
[WhiteElo "2519"]
[BlackElo "2409"]
[Annotator "ChessBase"]
[PlyCount "67"]
[EventDate "2019.09.22"]
[EventCountry "ESP"]
[SourceTitle "playchess.com"]
[Source "ChessBase"]
[SourceQuality "1"]
[TimeControl "900+5"]

1. e4 e5 2. d4 exd4 3. Qxd4 Nc6 4. Qe3 Bb4+ 5. Bd2 Bxd2+ 6. Qxd2 Nge7 7. Nc3 d6 8. O-O-O O-O 9. f4 f5 10. Nf3 fxe4 11. Nxe4 d5 12. Nc3 Bg4 13. Be2 Qd6 14. g3 Rad8 15. Rhe1 h6 16. Nd4 Nxd4 17. Bxg4 c5 18. Re5 Nec6 19. Rxd5 Qg6 20. Bh5 Qf6 21. Qg2 Nb4 22. Rxd8 Rxd8 23. Rd2 Qe6 24. Kb1 Qe1+ 25. Rd1 Qe6 26. Bf3 Nbxc2 27. Bd5 Rxd5 28. Qxd5 Qxd5 29. Nxd5 Kf7 30. f5 b6 31. Rd2 Ne1 32. Rf2 Nd3 33. Rf1 Ne5 34. h3 1-0

[Event "XXVII Actius Vallfogona Open"]
[Site "Vallfogona de Balaguer"]
[Date "2019.09.22"]
[Round "4.2"]
[White "Martin Duque, Jesus"]
[Black "Sosa, Tomas"]
[Result "1-0"]
[ECO "C58"]
[WhiteElo "2373"]
[BlackElo "2524"]
[Annotator "ChessBase"]
[PlyCount "71"]
[EventDate "2019.09.22"]
[EventCountry "ESP"]
[SourceTitle "playchess.com"]
[Source "ChessBase"]
[SourceQuality "1"]
[TimeControl "900+5"]

1. e4 e5 2. Nf3 Nc6 3. Bc4 Nf6 4. Ng5 d5 5. exd5 Na5 6. Bb5+ Bd7 7. Qe2 Be7 8. Nc3 O-O 9. Nge4 Nxe4 10. Qxe4 f5 11. Qa4 c6 12. dxc6 bxc6 13. Bc4+ Kh8 14. O-O Rb8 15. a3 c5 16. Bb5 Rxb5 17. Nxb5 Qb8 18. Qxa5 Bxb5 19. d3 e4 20. Bf4 Qxf4 21. Qxb5 Bd6 22. g3 Qg4 23. dxe4 f4 24. f3 Qg5 25. Rad1 Rb8 26. Qd7 Be5 27. Qg4 Bd4+ 28. Kh1 Qe7 29. c3 Bf6 30. gxf4 Qe8 31. e5 Be7 32. Rd7 Bf8 33. Rg1 g6 34. e6 Rxb2 35. Qh4 h5 36. Qf6+ 1-0

[Event "XXVII Actius Vallfogona Open"]
[Site "Vallfogona de Balaguer"]
[Date "2019.09.22"]
[Round "4.3"]
[White "Henriquez Villagra, Cristobal"]
[Black "Trepat Herranz, Joan"]
[Result "1-0"]
[ECO "D05"]
[WhiteElo "2587"]
[BlackElo "2395"]
[Annotator "ChessBase"]
[PlyCount "119"]
[EventDate "2019.09.22"]
[EventCountry "ESP"]
[SourceTitle "playchess.com"]
[Source "ChessBase"]
[SourceQuality "1"]
[TimeControl "900+5"]

1. d4 Nf6 2. Nf3 e6 3. c3 c5 4. e3 Nc6 5. Bd3 d5 6. Nbd2 Bd6 7. dxc5 Bxc5 8. b4 Bb6 9. b5 Ne7 10. O-O O-O 11. c4 Ng6 12. Bb2 a6 13. a4 axb5 14. axb5 Rxa1 15. Qxa1 dxc4 16. Bxc4 Bc5 17. Nb3 Be7 18. Bd4 Qd6 19. h3 Qb4 20. Nfd2 Bd7 21. Bc3 Qd6 22. Rd1 Qc7 23. Bf1 Rc8 24. Rc1 Qd8 25. e4 h6 26. Bd4 Rxc1 27. Qxc1 e5 28. Be3 Be6 29. Nc5 Bxc5 30. Qxc5 Nd7 31. Qc3 Ne7 32. Nb3 Qc8 33. Qb4 Ng6 34. Na5 Ngf8 35. Nc4 Qc7 36. Qd6 Qxd6 37. Nxd6 b6 38. Nc8 f6 39. Nxb6 Nxb6 40. Bxb6 Nd7 41. Ba7 Kf7 42. f3 Ke7 43. Kf2 Kd6 44. Ke3 Bb3 45. Kd2 Be6 46. Kc3 g6 47. Be3 h5 48. h4 Kc7 49. Kb4 f5 50. Bd3 f4 51. Bf2 Nf8 52. g3 g5 53. hxg5 Ng6 54. gxf4 exf4 55. e5 Nxe5 56. Be4 Bf7 57. Kc5 Bg6 58. Kd5 Bxe4+ 59. Kxe4 Ng6 60. Kf5 1-0

[Event "XXVII Actius Vallfogona Open"]
[Site "Vallfogona de Balaguer"]
[Date "2019.09.22"]
[Round "4.4"]
[White "Barbero Sendic, Alejandro"]
[Black "Cuartas, Jaime Alexander"]
[Result "1/2-1/2"]
[ECO "B11"]
[WhiteElo "2346"]
[BlackElo "2523"]
[Annotator "ChessBase"]
[PlyCount "117"]
[EventDate "2019.09.22"]
[EventCountry "ESP"]
[SourceTitle "playchess.com"]
[Source "ChessBase"]
[SourceQuality "1"]
[TimeControl "900+5"]

1. e4 c6 2. Nc3 d5 3. Nf3 Bg4 4. h3 Bxf3 5. Qxf3 Nf6 6. Be2 e6 7. O-O Bb4 8. e5 Nfd7 9. Qg3 Bf8 10. b4 g6 11. Rb1 Bg7 12. d4 O-O 13. Be3 Nb6 14. h4 N8d7 15. h5 Qe8 16. a4 a6 17. hxg6 fxg6 18. Qh3 Qf7 19. a5 Nc8 20. Na4 Re8 21. c4 Na7 22. f4 Nf8 23. g4 Kh8 24. f5 gxf5 25. gxf5 exf5 26. Rxf5 Qg8 27. Kh1 Rad8 28. Nb6 Nc8 29. Nxc8 Rxc8 30. Bh5 Re7 31. Rbf1 Rcc7 32. Bg5 Red7 33. Qf3 Ne6 34. Be3 dxc4 35. Bf7 Rxf7 36. Rxf7 Qd8 37. Rxc7 Nxc7 38. Qg4 c3 39. Rg1 Qg8 40. Bg5 Qe6 41. Bf6 Qxg4 42. Rxg4 Ne6 43. Bxg7+ Nxg7 44. Rg3 Ne6 45. Rxc3 Kg7 46. Kg2 Kg6 47. Rc4 Kf5 48. Kf3 h5 49. Ke3 h4 50. Rc2 h3 51. Rf2+ Kg4 52. Rf6 Nc7 53. Rh6 Nd5+ 54. Ke4 Kg3 55. Rg6+ Kf2 56. Rh6 Kg2 57. Rg6+ Kf2 58. Rh6 Kg2 59. Rg6+ 1/2-1/2

[Event "XXVII Actius Vallfogona Open"]
[Site "Vallfogona de Balaguer"]
[Date "2019.09.22"]
[Round "4.5"]
[White "Panelo, Marcelo"]
[Black "Cruz, Filemon"]
[Result "0-1"]
[ECO "E15"]
[WhiteElo "2360"]
[BlackElo "2320"]
[Annotator "NA"]
[PlyCount "77"]
[EventDate "2019.09.22"]
[EventCountry "ESP"]
[SourceTitle "playchess.com"]
[Source "ChessBase"]
[SourceQuality "1"]
[TimeControl "900+5"]

1. d4 Nf6 2. c4 e6 3. Nf3 b6 4. g3 Ba6 5. Nbd2 Bb4 6. Qa4 c5 7. Bg2 Bxc4 8. O-O Bd5 9. dxc5 Bxc5 10. e4 Bc6 11. Qc2 Qc7 12. e5 Nd5 13. a3 Bb5 14. Qe4 Bxf1 15. Nxf1 Nc6 16. Qg4 g6 17. Bh6 Nxe5 18. Nxe5 Qxe5 19. Rd1 f5 20. Qc4 Rc8 21. Kh1 Ne7 22. Qb5 Bd4 23. Qd3 Bxf2 24. Qxd7+ Kf7 25. Bf4 Qf6 26. Qxa7 Rhd8 27. Rxd8 Rxd8 28. h4 Bc5 29. Nd2 Rxd2 30. Bxd2 Qd4 31. Kh2 Qxd2 32. b4 Bd6 33. Qxb6 Qd3 34. Qf2 Qxa3 35. b5 Qb4 36. b6 Qxh4+ 37. Kg1 Qb4 38. Kh2 Bc5 39. Qe3 0-1

[Event "XXVII Actius Vallfogona Open"]
[Site "Vallfogona de Balaguer"]
[Date "2019.09.22"]
[Round "4.6"]
[White "Gonzalez Rodriguez, Jorge A."]
[Black "Moskalenko, Viktor"]
[Result "0-1"]
[ECO "A36"]
[WhiteElo "2263"]
[BlackElo "2475"]
[Annotator "ChessBase"]
[PlyCount "71"]
[EventDate "2019.09.22"]
[EventCountry "ESP"]
[SourceTitle "playchess.com"]
[Source "ChessBase"]
[SourceQuality "1"]
[TimeControl "900+5"]

1. b3 Nf6 2. Bb2 g6 3. c4 Bg7 4. g3 O-O 5. Bg2 c5 6. Nc3 Nc6 7. Nh3 d6 8. Nf4 g5 9. Nfd5 Nxd5 10. cxd5 Ne5 11. f4 gxf4 12. gxf4 Ng6 13. e3 e5 14. dxe6 Qh4+ 15. Ke2 Bxe6 16. Qe1 Qh5+ 17. Bf3 Bg4 18. Qg3 Bxf3+ 19. Qxf3 Qf5 20. h4 h5 21. Rag1 Rfe8 22. Kd1 Kf8 23. Kc1 Ne5 24. Rg5 Qxg5 25. hxg5 Nxf3 26. Rxh5 Ne1 27. Ba1 d5 28. Rh1 Nd3+ 29. Kc2 Nb4+ 30. Kb1 d4 31. Nd1 Nd5 32. Rh3 dxe3 33. Bxg7+ Kxg7 34. dxe3 Rad8 35. a3 Nxf4 36. Rh1 0-1

[Event "XXVII Actius Vallfogona Open"]
[Site "Vallfogona de Balaguer"]
[Date "2019.09.22"]
[Round "4.7"]
[White "Movsziszian, Karen"]
[Black "Villar Reymundo, Juan Antonio"]
[Result "1-0"]
[ECO "A00"]
[WhiteElo "2475"]
[BlackElo "2229"]
[Annotator "ChessBase"]
[PlyCount "55"]
[EventDate "2019.09.22"]
[EventCountry "ESP"]
[SourceTitle "playchess.com"]
[Source "ChessBase"]
[SourceQuality "1"]
[TimeControl "900+5"]

1. g3 d5 2. Bg2 Nf6 3. d3 Bf5 4. Nd2 e6 5. e4 Bg6 6. Qe2 Be7 7. Ngf3 h6 8. O-O O-O 9. Ne5 Bh7 10. f4 c5 11. g4 Nfd7 12. exd5 Nxe5 13. fxe5 exd5 14. e6 Nc6 15. exf7+ Kh8 16. Nb3 Bf6 17. Qe6 Bg6 18. Qxd5 Bxf7 19. Qxd8 Raxd8 20. c3 Be7 21. Be3 Bxb3 22. axb3 Rxd3 23. Rxf8+ Bxf8 24. Kf2 Ne5 25. Ke2 Rd7 26. Rxa7 Nxg4 27. Ra8 Kg8 28. Bxc5 1-0

[Event "XXVII Actius Vallfogona Open"]
[Site "Vallfogona de Balaguer"]
[Date "2019.09.22"]
[Round "4.8"]
[White "Rahal, Michael A"]
[Black "Oliva Castaneda, Kevel"]
[Result "1/2-1/2"]
[ECO "C84"]
[WhiteElo "2309"]
[BlackElo "2470"]
[Annotator "ChessBase"]
[PlyCount "29"]
[EventDate "2019.09.22"]
[EventCountry "ESP"]
[SourceTitle "playchess.com"]
[Source "ChessBase"]
[SourceQuality "1"]
[TimeControl "900+5"]

1. e4 e5 2. Nf3 Nc6 3. Bb5 a6 4. Ba4 Nf6 5. d4 exd4 6. O-O Be7 7. Re1 O-O 8. e5 Nd5 9. Nxd4 Nxd4 10. Qxd4 Nb6 11. Bb3 d5 12. exd6 Bxd6 13. Bf4 Bxf4 14. Qxf4 a5 15. Nc3 1/2-1/2

[Event "XXVII Actius Vallfogona Open"]
[Site "Vallfogona de Balaguer"]
[Date "2019.09.22"]
[Round "4.9"]
[White "Perez Mitjans, Orelvis"]
[Black "Gonzalez, Raul Omar"]
[Result "1-0"]
[ECO "B50"]
[WhiteElo "2409"]
[BlackElo "2155"]
[Annotator "NA"]
[PlyCount "119"]
[EventDate "2019.09.22"]
[EventCountry "ESP"]
[SourceTitle "playchess.com"]
[Source "ChessBase"]
[SourceQuality "1"]
[TimeControl "900+5"]

1. e4 c5 2. Nf3 d6 3. c3 Nf6 4. h3 Bd7 5. Bd3 Bc6 6. Qe2 Nbd7 7. O-O e6 8. Bc2 Be7 9. d4 Rc8 10. Rd1 Qc7 11. Bf4 cxd4 12. Nxd4 e5 13. Nxc6 bxc6 14. Bg3 O-O 15. Nd2 Nc5 16. Nc4 Ne6 17. Ne3 g6 18. Bh4 Nh5 19. Bxe7 Nef4 20. Qd2 Qxe7 21. Qxd6 Qg5 22. Kf1 Rfd8 23. Qc5 Qf6 24. Ng4 Qh4 25. Qxe5 Nxh3 26. Nh6+ Kf8 27. gxh3 Nf4 28. Qh8+ Ke7 29. Qe5+ Kf8 30. Qc5+ Kg7 31. Nf5+ gxf5 32. Qxf5 Nxh3 33. Qe5+ f6 34. Qg3+ Qxg3 35. fxg3 Ng5 36. Kf2 Kf7 37. Ke3 Ke6 38. Rd4 c5 39. Ra4 Rc7 40. Rf1 Rd6 41. Bb3+ Ke7 42. Bd5 Rb6 43. b3 Rd7 44. c4 Kd8 45. Ra5 Rc7 46. Rf5 h6 47. Kd3 Rd6 48. Kc3 Rb6 49. Kd3 Ke7 50. g4 Rd6 51. Ke3 Rb6 52. Kf2 Rd6 53. Kg3 Nh7 54. Rh5 Kf8 55. Rxh6 Kg7 56. Rh5 Ng5 57. e5 Rd8 58. Ra6 Rf8 59. exf6+ Kg6 60. f7+ 1-0

[Event "XXVII Actius Vallfogona Open"]
[Site "Vallfogona de Balaguer"]
[Date "2019.09.22"]
[Round "4.10"]
[White "Pena Morales, Hugo"]
[Black "Vidarte Morales, Arturo"]
[Result "1-0"]
[ECO "D35"]
[WhiteElo "2203"]
[BlackElo "2332"]
[Annotator "NA"]
[PlyCount "107"]
[EventDate "2019.09.22"]
[EventCountry "ESP"]
[SourceTitle "playchess.com"]
[Source "ChessBase"]
[SourceQuality "1"]
[TimeControl "900+5"]

1. d4 d5 2. c4 e6 3. Nc3 Be7 4. Nf3 Nf6 5. cxd5 exd5 6. Bg5 c6 7. e3 Bf5 8. Bd3 Bxd3 9. Qxd3 O-O 10. O-O Nbd7 11. Rab1 a5 12. Nd2 Re8 13. a3 Ne4 14. Bxe7 Qxe7 15. Ndxe4 dxe4 16. Qc4 Nf6 17. b4 axb4 18. axb4 Ra3 19. b5 Qd7 20. bxc6 bxc6 21. Rfc1 h5 22. h3 Rea8 23. Ne2 R8a6 24. Qc5 Kh7 25. Qf8 Ra8 26. Rb8 Rxb8 27. Qxa3 Rb6 28. Qc5 Qb7 29. Ng3 g6 30. Qe5 c5 31. dxc5 Re6 32. Qd4 h4 33. Ne2 Nh5 34. Qd8 Qb2 35. Qd1 Rf6 36. Qc2 Qxc2 37. Rxc2 Rc6 38. Nd4 Rc8 39. c6 Nf6 40. Nb5 Ne8 41. c7 Kg7 42. Rd2 Nxc7 43. Rc2 Nxb5 44. Rxc8 Nd6 45. Rc6 Ne8 46. Kf1 f5 47. Ke2 Kf7 48. Ra6 Ng7 49. Kd2 Nh5 50. Kc3 g5 51. Kd4 g4 52. hxg4 fxg4 53. Rh6 g3 54. Rxh5 1-0

[Event "XXVII Actius Vallfogona Open"]
[Site "Vallfogona de Balaguer"]
[Date "2019.09.22"]
[Round "5.1"]
[White "Martin Duque, Jesus"]
[Black "Munoz, Miguel"]
[Result "0-1"]
[ECO "B01"]
[WhiteElo "2373"]
[BlackElo "2519"]
[Annotator "ChessBase"]
[PlyCount "46"]
[EventDate "2019.09.22"]
[EventCountry "ESP"]
[SourceTitle "playchess.com"]
[Source "ChessBase"]
[SourceQuality "1"]
[TimeControl "900+5"]

1. e4 d5 2. exd5 Qxd5 3. Nc3 Qa5 4. d4 Nf6 5. Bc4 Bg4 6. Nge2 Nc6 7. f3 Be6 8. Bxe6 fxe6 9. Bd2 O-O-O 10. Ne4 Qf5 11. N2g3 Qg6 12. c3 e5 13. dxe5 Nxe4 14. fxe4 Nxe5 15. O-O Nc4 16. Rf2 e6 17. b3 Nxd2 18. Rxd2 Bd6 19. Nf1 Qxe4 20. Qh5 Rhf8 21. Rad1 Rf5 22. Qh3 Bc5+ 23. Kh1 Rxf1+ 0-1

[Event "XXVII Actius Vallfogona Open"]
[Site "Vallfogona de Balaguer"]
[Date "2019.09.22"]
[Round "5.2"]
[White "Cruz, Filemon"]
[Black "Henriquez Villagra, Cristobal"]
[Result "1/2-1/2"]
[ECO "A15"]
[WhiteElo "2320"]
[BlackElo "2587"]
[Annotator "ChessBase"]
[PlyCount "88"]
[EventDate "2019.09.22"]
[EventCountry "ESP"]
[SourceTitle "playchess.com"]
[Source "ChessBase"]
[SourceQuality "1"]
[TimeControl "900+5"]

1. c4 c6 2. Nf3 Nf6 3. e3 g6 4. b3 Bg7 5. Bb2 O-O 6. Be2 d6 7. d4 a6 8. O-O b5 9. Nbd2 Nbd7 10. Qc2 Bb7 11. Rfd1 Qb6 12. Rac1 c5 13. d5 Rae8 14. e4 Nh5 15. Bxg7 Nxg7 16. cxb5 axb5 17. a4 Ba6 18. Rb1 Rb8 19. axb5 Bxb5 20. Nc4 Qc7 21. Qc3 f6 22. Nfd2 Bxc4 23. Bxc4 Rb4 24. Ra1 Rfb8 25. h3 Ne5 26. Ra2 Nh5 27. g3 Qd7 28. Kg2 f5 29. exf5 Qxf5 30. Qe3 Ng7 31. f4 Nxc4 32. bxc4 Qf7 33. g4 e6 34. Ne4 exd5 35. Ng5 Qb7 36. cxd5 Re8 37. Qf3 Rf8 38. Ne6 Nxe6 39. dxe6 Qxf3+ 40. Kxf3 Rbxf4+ 41. Kg3 Rd4 42. Rxd4 cxd4 43. Ra6 Rd8 44. e7 Re8 1/2-1/2